Selects Airborne Battlegroup
Selects Airborne Battlegroup
Selects Heavy Machine Gun Paradrop
Heavy Machine Gun Paradrop
Heavy Machine Gun Paradrop
Mechanized Support Center
Selects Paratrooper Squad Paradrop
Paratrooper Squad Paradrop
M3 75 mm Gun Motor Carriage
Paratrooper Squad Paradrop
Selects Paradrop Reinforcements
Paratrooper Squad Paradrop
M4(105) Sherman Bulldozer
Paratrooper Squad Paradrop
M18 Hellcat Tank Destroyer
Heavy Machine Gun Paradrop